 Dungeon Crawl Stone Soup version 0.23.2-1-ga50397a (webtiles) character file.

Game seed: 15165989537697089099

37160 Borgoz the Fencer (level 13, -13/116 HPs)
             Began as a Minotaur Gladiator on May 26, 2019.
             Was the Champion of Okawaru.
             Killed by divine providence
             ... invoked by a meliai
              (16 damage)
             ... on level 14 of the Dungeon.
             The game lasted 00:28:07 (15793 turns).

Borgoz the Fencer (Minotaur Gladiator)             Turns: 15793, Time: 00:28:07

Health: -13/116    AC: 16    Str: 28    XL:     13   Next: 56%
Magic:  0/17       EV: 20    Int:  9    God:    Okawaru [******]
Gold:   1272       SH:  0    Dex: 12    Spells: 12/12 levels left

rFire    . . .     SeeInvis .   v - +1 great sword (flame)
rCold    . . .     Gourm    .   (shield currently unavailable)
rNeg     + . .     Faith    .   J - +5 scale mail "Uceptios" {*Slow rN+ Str+5}
rPois    .         Spirit   +   s - +2 hat {Int+3}
rElec    .         Reflect  .   m - scarf {Spirit}
rCorr    .         Harm     .   (no gloves)
MR       .....                  (no boots)
Stlth    +.........             (no amulet)
HPRegen  0.29/turn              A - +4 ring of evasion
MPRegen  0.15/turn              (no ring)

@: lethally poisoned (-13 -> -20), studying Ice Magic
A: retaliatory headbutt, horns 2
a: Heroism, Finesse, Renounce Religion


You were on level 14 of the Dungeon.
You worshipped Okawaru.
Okawaru was exalted by your worship.
You were not hungry.

You visited 2 branches of the dungeon, and saw 15 of its levels.
You also visited: Sewer and Ice Cave.

You collected 1272 gold pieces.

Inventory:

Hand Weapons
 a - a +0 great sword
 b - the +9 short sword "Putaboga" {freeze, Str+4 Int-2 SInv Stlth+}
   (You found it on level 5 of the Dungeon)

   It has been specially enchanted to freeze those struck by it, causing extra
   injury to most foes and up to half again as much damage against particularly
   susceptible opponents.
   It can also slow down cold-blooded creatures.
   It affects your strength (+4).
   It affects your intelligence (-2).
   It lets you see invisible.
   It makes you more stealthy.
 t - the +3 great mace of Neosol {drain, rPois rF+++ MR- Int+2}
   (Okawaru gifted it to you on level 10 of the Dungeon)

   A truly terrible weapon, it drains the life of those it strikes.
   It affects your intelligence (+2).
   It renders you almost immune to fire.
   It protects you from poison.
   It affects your resistance to hostile enchantments.
 v - a +1 great sword of flaming (weapon)
Missiles
 B - 2 throwing nets (quivered)
Armour
 j - the +4 ring mail "Iron" {MR+}
   (You found it on level 4 of the Dungeon)

   It affects your resistance to hostile enchantments.
 m - a scarf of spirit shield (worn)
 s - a +2 hat of intelligence (worn)
 E - +0 steam dragon scales
 J - the +5 scale mail "Uceptios" (worn) {*Slow rN+ Str+5}
   (You found it on level 13 of the Dungeon)

   It affects your strength (+5).
   It protects you from negative energy.
   It may slow you when you take damage.
 K - the +1 chain mail of Liberty {-Tele Int+6 SInv}
   (Okawaru gifted it to you on level 12 of the Dungeon)

   It affects your intelligence (+6).
   It lets you see invisible.
   It prevents most forms of teleportation.
 O - the +2 ring mail of Exclusion {rPois rF+ rC+}
   (You found it on level 12 of the Dungeon)

   It protects you from fire.
   It protects you from cold.
   It protects you from poison.
Jewellery
 A - a +4 ring of evasion (left hand)
Wands
 c - a wand of paralysis (18)
 r - a wand of scattershot (1)
 u - a wand of polymorph (11)
 x - a wand of clouds (3)
 y - a wand of iceblast (37)
 H - a wand of flame (18)
Scrolls
 e - a scroll of immolation
 h - 8 scrolls of teleportation
 l - a scroll of remove curse
 n - a scroll of fog
 q - 2 scrolls of enchant armour
 D - 3 scrolls of brand weapon {unknown}
 F - a scroll of amnesia
 L - a scroll of blinking
 M - a scroll of noise {unknown}
Potions
 g - 3 potions of haste
 i - a potion of magic
 o - 2 potions of curing
 p - 2 potions of flight
 w - a potion of lignification
 z - 2 potions of mutation {unknown}
 C - a potion of brilliance
 G - 3 potions of degeneration {unknown}
 P - a potion of resistance
Books
 d - a manual of Ice Magic
 k - a manual of Ice Magic
Comestibles
 f - 19 rations
 I - 5 chunks of flesh


   Skills:
 + Level 11.4 Fighting
 * Level 15.5 Long Blades
 - Level 2.0 Throwing
 + Level 11.2 Armour
 + Level 10.7 Dodging
 - Level 5.1 Stealth
 + Level 7.5 Invocations
 - Level 5.1 Evocations


You had 12 spell levels left.
You didn't know any spells.
Your spell library contained the following spells:

 Spells                   Type           Power        Failure   Level  Hunger
 Infusion                 Chrm           #...         58%         1    ##.....
 Magic Dart               Conj           #...         58%         1    ##.....
 Searing Ray              Conj           #.....       75%         2    ###....
 Shroud of Golubria       Chrm/Tloc      #.........   75%         2    ###....
 Song of Slaying          Chrm           #.......     75%         2    ###....
 Dazzling Spray           Conj/Hex       #.....       92%         3    ####...
 Gell's Gravitas          Tloc           #.........   92%         3    ####...
 Portal Projectile        Hex/Tloc       #.....       92%         3    ####...
 Regeneration             Chrm/Necr      #.........   92%         3    ####...
 Spectral Weapon          Hex/Chrm       #.......     92%         3    ####...
 Force Lance              Conj/Tloc      #.......     100%        4    #####..
 Fulminant Prism          Conj/Hex       #.........   100%        4    #####..
 Iskenderun's Mystic Bla  Conj           #.......     100%        4    #####..
 Dispersal                Tloc           #.........   100%        6    #######
 Controlled Blink         Tloc           N/A          100%        8    #######
 Disjunction              Tloc           #.........   100%        8    #######


Dungeon Overview and Level Annotations

Branches:
Dungeon (14/15)            Temple (1/1) D:7            Lair (0/6) D:9
    Orc (0/2) D:12
 Vaults: D:13-14

Altars:
Ashenzari
Cheibriados
Dithmenos
Elyvilon
Fedhas
Gozag
Hepliaklqana
Kikubaaqudgha
Makhleb
Nemelex Xobeh
Okawaru
Qazlal
Ru
Sif Muna
Trog
Uskayaw
Vehumet
Wu Jian
Xom
Yredelemnul
Zin
The Shining One
Beogh


Innate Abilities, Weirdness & Mutations

You reflexively headbutt those who attack you in melee.
You have a pair of horns on your head.


Message History

The meliai poisons you! The meliai hits you with a +0 war axe!
* * * LOW HITPOINT WARNING * * *
The meliai completely misses you.
Okay, then.
You slash the meliai! You burn the meliai.
The meliai is almost dead.
You feel sick. The meliai hits you with a +0 war axe!
* * * LOW HITPOINT WARNING * * *
The meliai misses you.
The meliai invokes the aid of its god against you.
Something smites you!
* * * LOW HITPOINT WARNING * * *
You slash the meliai! You burn the meliai.
You kill the meliai!
Okawaru accepts your kill.
* * * LOW HITPOINT WARNING * * *
You feel sick.
The meliai mumbles some strange prayers to its god against you.
Something smites you!
You die...

#.... ..# #####
.># #.# #.# #y#
#y# #)# #@# #.#
#.################
#..[..............
##################


You could see 2 meliai.

Vanquished Creatures
  Rupert (D:12)
  Gastronok (D:9)
  Snorg (D:11)
  A hydra (D:14)
  2 centaur warriors (D:13)
  2 two-headed ogres (D:8)
  Urug (D:10)
  An iron troll (D:14)
  An unseen horror (D:13)
  A necromancer (IceCv)
  A mana viper (shapeshifter) (D:12)
  2 deep elf magi
  5 ugly things
  3 cyclopes
  An ice statue (IceCv)
  A gargoyle (D:13)
  10 freezing wraiths (IceCv)
  2 komodo dragons
  A kobold demonologist (D:12)
  2 polar bears (D:9)
  5 trolls
  A meliai (D:14)
  A meliai (shapeshifter) (D:14)
  A wolf spider simulacrum (IceCv)
  A hippogriff (shapeshifter) (D:14)
  3 slime creatures (D:13)
  5 hippogriffs
  A spriggan (D:9)
  2 wyverns
  21 yaks
  A steam dragon (D:11)
  Grum (D:9)
  2 vampire mosquitoes (D:10)
  A soldier ant (D:13)
  An acid dragon (D:13)
  15 ice beasts
  2 black bears
  2 sky beasts (D:6)
  3 necrophages
  4 orc warriors
  An eye of draining (D:12)
  3 phantoms
  A hornet zombie (D:8)
  7 ogres
  6 wolves (D:9)
  17 centaurs
  2 crocodiles
  7 bullfrogs
  6 big kobolds
  A wyvern zombie (D:9)
  A hornet simulacrum (D:9)
  A wyvern skeleton (D:12)
  4 scorpions
  An elephant simulacrum (IceCv)
  7 killer bees
  3 wights (D:12)
  A vampire bat (D:3)
  3 howler monkeys
  4 electric eels (D:9)
  4 crimson imps
  A quasit (D:8)
  5 draconian simulacra (IceCv)
  7 centaur skeletons
  9 hounds
  6 jellies
  4 bullfrog skeletons
  12 orc priests
  15 orc wizards
  4 iguanas
  10 worker ants
  2 troll simulacra (IceCv)
  2 wolf simulacra (IceCv)
  3 spriggan simulacra (IceCv)
  4 centaur simulacra
  3 hound zombies
  A hound skeleton (D:4)
  A worker ant zombie (D:6)
  A gnoll (D:6)
  A howler monkey skeleton (D:8)
  5 naga simulacra (IceCv)
  A river rat (Sewer)
  17 adders
  A hound simulacrum (D:9)
  3 ogre simulacra (IceCv)
  4 shadow imps
  15 white imps
  A worker ant simulacrum (D:9)
  3 ufetubi (D:9)
  An ooze (D:4)
  An adder skeleton (D:6)
  4 worms
  5 dart slugs
  An adder simulacrum (D:9)
  8 leopard geckos
  53 orcs
  4 ball pythons
  3 giant cockroaches
  4 hobgoblins
  6 jackals
  23 kobolds
  5 quokkas
  13 bats
  5 frilled lizards
  10 goblins
  2 quokka skeletons
  18 rats
  A bush (D:6)
501 creatures vanquished.

Vanquished Creatures (others)
  An ufetubus (D:9)
  A plant (D:9)
2 creatures vanquished.

Grand Total: 503 creatures vanquished

Notes
Turn   | Place    | Note
-------+----------+-------------------------------------------
     0 | D:1      | Borgoz the Minotaur Gladiator began the quest for the Orb.
     0 | D:1      | Reached XP level 1. HP: 18/18 MP: 0/0
   221 | D:1      | Reached XP level 2. HP: 25/25 MP: 1/1
   242 | D:1      | Reached skill level 4 in Long Blades
   445 | D:1      | Reached skill level 1 in Armour
   927 | D:2      | Reached XP level 3. HP: 25/30 MP: 2/2
  1075 | D:2      | Found a white marble altar of Elyvilon.
  1418 | D:2      | Reached XP level 4. HP: 38/38 MP: 3/3
  1470 | D:2      | Found a shadowy altar of Dithmenos.
  1739 | D:3      | Reached skill level 5 in Long Blades
  2027 | D:3      | Found an iron altar of Okawaru.
  2052 | D:3      | Found a shattered altar of Ashenzari.
  2082 | D:3      | Reached XP level 5. HP: 46/46 MP: 4/4
  2159 | D:3      | Found an ancient bone altar of Kikubaaqudgha.
  2171 | D:3      | Became a worshipper of Warmaster Okawaru
  2178 | D:3      | Found a basalt altar of Yredelemnul.
  2390 | D:4      | Reached XP level 6. HP: 50/52 MP: 5/5
  2396 | D:4      | Reached skill level 6 in Long Blades
  2470 | D:4      | Reached * piety under Okawaru
  2672 | D:4      | Got a topaz-encrusted ring mail
  2684 | D:4      | Identified the +4 ring mail "Iron" {MR+} (You found it on
                  | level 4 of the Dungeon)
  2765 | D:4      | Reached XP level 7. HP: 60/60 MP: 6/6
  3084 | D:4      | Reached skill level 5 in Dodging
  3113 | D:4      | Reached skill level 7 in Long Blades
  3431 | D:5      | Entered Level 5 of the Dungeon
  3487 | D:5      | Reached skill level 5 in Fighting
  3500 | D:5      | Reached ** piety under Okawaru
  3538 | D:5      | Noticed a moth of wrath
  3541 | D:5      | Found a bloodstained altar of Trog.
  3574 | D:5      | Got a slimy short sword
  3578 | D:5      | Identified the +9 short sword "Putaboga" {freeze, Str+4
                  | Int-2 SInv Stlth+} (You found it on level 5 of the Dungeon)
  3599 | D:5      | Reached XP level 8. HP: 46/69 MP: 7/7
  3607 | D:5      | Reached skill level 8 in Long Blades
  3655 | D:5      | Reached skill level 5 in Armour
  3702 | D:5      | Found a glowing drain.
  3765 | Sewer    | Entered a sewer
  3855 | Sewer    | Found a white marble altar of Elyvilon.
  3941 | D:5      | Reached *** piety under Okawaru
  4445 | D:6      | Reached skill level 9 in Long Blades
  4642 | D:6      | Found a blossoming altar of Fedhas.
  4643 | D:6      | Reached XP level 9. HP: 78/78 MP: 8/8
  5194 | D:6      | Reached skill level 10 in Long Blades
  5425 | D:7      | Found a staircase to the Ecumenical Temple.
  5475 | Temple   | Entered the Ecumenical Temple
  5567 | D:7      | Reached **** piety under Okawaru
  5567 | D:7      | Reached skill level 1 in Invocations
  5571 | D:7      | Reached skill level 1 in Stealth
  5615 | D:7      | Reached skill level 1 in Evocations
  5828 | D:8      | Found a glowing silver altar of Zin.
  5829 | D:8      | Found a radiant altar of Vehumet.
  5850 | D:8      | Noticed a two-headed ogre
  5860 | D:8      | Killed a two-headed ogre
  5984 | D:8      | Noticed a two-headed ogre
  5997 | D:8      | Killed a two-headed ogre
  5997 | D:8      | Reached ***** piety under Okawaru
  5997 | D:8      | Received a gift from Okawaru
  5997 | D:8      | Reached skill level 11 in Long Blades
  5997 | D:8      | Reached XP level 10. HP: 59/88 MP: 10/10
  7101 | D:9      | Received a gift from Okawaru
  7103 | D:9      | Noticed Grum
  7116 | D:9      | Killed Grum
  7443 | D:9      | Reached skill level 12 in Long Blades
  7465 | D:9      | Reached XP level 11. HP: 46/94 MP: 8/12
  7820 | D:9      | Noticed Gastronok
  7840 | D:9      | Killed Gastronok
  8481 | D:9      | Found a staircase to the Lair.
  8712 | D:10     | Entered Level 10 of the Dungeon
  8713 | D:10     | Noticed Urug
  8931 | D:10     | Killed Urug
  8937 | D:10     | Reached ****** piety under Okawaru
  9190 | D:10     | Received a gift from Okawaru
  9191 | D:10     | Got a twisted great mace {god gift}
  9200 | D:10     | Identified the +3 great mace of Neosol {drain, rPois rF+++
                  | MR- Int+2} (Okawaru gifted it to you on level 10 of the
                  | Dungeon)
 10482 | D:11     | Reached skill level 13 in Long Blades
 10482 | D:11     | Reached skill level 5 in Invocations
 10793 | D:11     | Noticed a deep elf mage
 10814 | D:11     | Killed a deep elf mage
 11107 | D:11     | Noticed Snorg
 11116 | D:11     | HP: 4/96 [Snorg (11)]
 11120 | D:11     | Killed Snorg
 11120 | D:11     | Reached XP level 12. HP: 21/105 MP: 0/14
 11779 | D:12     | Noticed Rupert
 11795 | D:12     | Killed Rupert
 11795 | D:12     | Reached skill level 5 in Stealth
 11795 | D:12     | Reached skill level 5 in Evocations
 11870 | D:12     | Found a frozen archway.
 11882 | D:12     | Reached skill level 10 in Fighting
 11892 | D:12     | Received a gift from Okawaru
 11905 | IceCv    | Entered an ice cave
 12490 | IceCv    | Reached skill level 14 in Long Blades
 12492 | IceCv    | Reached skill level 10 in Armour
 12693 | IceCv    | Found an ancient bone altar of Kikubaaqudgha.
 13919 | D:12     | Reached skill level 10 in Dodging
 14017 | D:12     | Received a gift from Okawaru
 14018 | D:12     | Got a twisted chain mail {god gift}
 14029 | D:12     | Identified the +1 chain mail of Liberty {-Tele Int+6 SInv}
                  | (Okawaru gifted it to you on level 12 of the Dungeon)
 14135 | D:12     | Found a staircase to the Orcish Mines.
 14157 | D:12     | Found a roughly hewn altar of Beogh.
 14264 | D:12     | Reached XP level 13. HP: 105/114 MP: 15/17
 14385 | D:12     | Got a jewelled ring mail
 14396 | D:12     | Identified the +2 ring mail of Exclusion {rPois rF+ rC+}
                  | (You found it on level 12 of the Dungeon)
 14726 | D:13     | Reached skill level 15 in Long Blades
 15044 | D:13     | Got an aquamarine-encrusted scale mail
 15056 | D:13     | Identified the +5 scale mail "Uceptios" {*Slow rN+ Str+5}
                  | (You found it on level 13 of the Dungeon)
 15792 | D:14     | HP: 4/116 [meliai/divine providence (12)]
 15793 | D:14     | Killed from afar by a meliai

Skill      XL: |  1  2  3  4  5  6  7  8  9 10 11 12 13 |
---------------+----------------------------------------+-----
Long Blades    | 4 5 6 7 9 11 12 13 14 15 | 15.5
Armour         | 1 2 3 4 6 7 8 9 10 11 | 11.2
Fighting       | 3 4 5 6 7 8 9 10 11 | 11.4
Dodging        | 4 5 6 7 8 9 10 | 10.7
Invocations    | 2 3 5 6 7 |  7.5
Stealth        | 2 3 4 5 |  5.1
Evocations     | 2 3 4 5 |  5.1
Throwing       | |  2.0

Action                   |  1- 3 |  4- 6 |  7- 9 | 10-12 | 13-15 || total
-------------------------+-------+-------+-------+-------+-------++-------
Melee: Long sword        |    54 |   120 |    55 |       |       ||   229
       Headbutt          |    15 |    19 |    69 |   166 |    61 ||   330
       Short sword       |       |       |   207 |   146 |       ||   353
       Great sword       |       |       |       |   476 |   151 ||   627
Throw: Throwing net      |       |       |     7 |     5 |     2 ||    14
Invok: Heroism           |       |       |     1 |     4 |       ||     5
Evoke: Wand              |       |       |       |     6 |       ||     6
  Use: Scroll            |     1 |       |    10 |     6 |     4 ||    21
       Potion            |       |     4 |     1 |     7 |     3 ||    15
 Stab: Distracted        |       |       |     1 |     1 |       ||     2
       Held in net/web   |       |       |     4 |     2 |     1 ||     7
       Sleeping          |       |       |     3 |     8 |     2 ||    13
  Eat: Chunk             |     2 |     4 |     7 |    20 |     6 ||    39
       Ration            |       |       |     1 |     2 |       ||     3
Armor: Leather armour    |    25 |     6 |       |       |       ||    31
       Ring mail         |       |    40 |    67 |   226 |    22 ||   355
       Scale mail        |       |       |       |       |    32 ||    32
Dodge: Dodged            |    34 |   104 |   160 |   547 |   196 ||  1041
       Rpst.: Long sword |     7 |    22 |    10 |       |       ||    39
       Great sword       |       |       |       |   107 |    37 ||   144
